 Dungeon Crawl Stone Soup version 0.31.0-12-g77e489cdc1 (console) character file.

Game seed: 12769566542780205532

530 AlterAsc the Cutter (level 7, 0/34 HPs)
             Began as a Vine Stalker Gladiator on Feb 11, 2024.
             Splashed by a jelly's acid (7 damage)
             ... on level 5 of the Dungeon.
             The game lasted 00:06:25 (3420 turns).

AlterAsc the Cutter (Vine Stalker Gladiator)        Turns: 3420, Time: 00:06:26

Health: 0/34       AC: -24   Str: 16    XL:     7   Next: 24%
Magic:  0/8        EV: 12    Int:  8    God:
Gold:   221        SH:  0    Dex: 18    Spells: 6/6 levels left

rFire   . . .        a - +0 rapier
rCold   . . .        (no shield)
rNeg    + . .        b - +0 leather armour
rPois   .            k - +0 helmet
rElec   .            (no cloak)
rCorr   .            (no gloves)
SInv    .            (no boots)
Will    +....        z - amulet of regeneration
Stlth   +            g - ring of positive energy
HPRegen 1.85/turn    x - ring of willpower
MPRegen 0.11/turn

%: guardian spirit
@: corroded
A: fangs 2, regeneration 1, magic shield, antimagic bite, no potion heal 2
a: no special abilities


You were on level 5 of the Dungeon.
You visited 1 branch of the dungeon, and saw 5 of its levels.

You collected 221 gold pieces.

Inventory:

Hand Weapons
 a - a +0 rapier (weapon)
 j - the +3 short sword of Dissent {freeze, ^Contam rPois rC++ MP-9}
   (You found it on level 2 of the Dungeon)

   rC++:      It greatly protects you from cold.
   rPois:     It protects you from poison MP-9: It affects your magic capacity
   (-9).
   ^Contam:   It causes magical contamination when unequipped.
Missiles
 d - a throwing net (quivered)
 e - a javelin
 s - 5 boomerangs
Armour
 b - a +0 leather armour (worn)
 c - a +0 helmet
 k - a +0 helmet (worn)
Jewellery
 g - a ring of positive energy (left hand)
 x - a ring of willpower (right hand)
 z - an amulet of regeneration (around neck)
Wands
 y - a wand of charming (12)
Scrolls
 f - 5 scrolls of identify {unknown}
 i - 2 scrolls of amnesia {unknown}
 m - a scroll of enchant weapon {unknown}
 p - 3 scrolls of immolation {unknown}
 r - 2 scrolls of teleportation {unknown}
 t - a scroll of blinking {unknown}
 u - a scroll of vulnerability {unknown}
 w - a scroll of acquirement {unknown}
Potions
 h - 2 potions of curing {unknown}
 l - 2 potions of attraction {unknown}
 n - a potion of brilliance {unknown}
 o - a potion of haste {unknown}
 q - a potion of heal wounds {unknown}
 v - a potion of degeneration {unknown}


   Skills:
 - Level 1.7 Fighting
 + Level 7.4 Short Blades
 - Level 1.7 Throwing
 - Level 2.4 Dodging


You had 6 spell levels left.
You didn't know any spells.
Your spell library contained the following spells:

 Spells                   Type           Power      Damage    Failure   Level
 Apportation              Tloc           0%         N/A       47%         1
 Necrotise                Necr           0%         1d4       47%         1
 Sting                    Conj/Alch      0%         1d3       47%         1
 Summon Small Mammal      Summ           0%         N/A       47%         1
 Ensorcelled Hibernation  Hex/Ice        0%         N/A       63%         2
 Call Canine Familiar     Summ           0%         N/A       85%         3
 Fugue of the Fallen      Necr           0%         N/A       85%         3
 Sigil of Binding         Hex            0%         N/A       85%         3
 Anguish                  Hex/Necr       0%         N/A       99%         4
 Dimensional Bullseye     Hex/Tloc       0%         N/A       99%         4


Dungeon Overview and Level Annotations

Branches:
Dungeon (5/15)
 Temple: D:4-7

Altars:
Gozag
Okawaru
Trog

Annotations:
D:2 1 runed translucent door, Crazy Yiuf


Innate Abilities, Weirdness & Mutations

You have extremely sharp teeth.
Your natural rate of healing is unusually fast.
When hurt, damage is shared between your health and your magic reserves.
Your bite disrupts and absorbs the magic of your enemies.
Potions cannot restore your health.


Message History

The jelly is heavily wounded.
You hit the jelly.
Your hands burn!
You bite the jelly, but do no damage.
The jelly is severely wounded.
The jelly hits you. The acid corrodes you!
You are splashed with acid.
You hit the jelly.
Your hands burn!
* * * LOW HITPOINT WARNING * * *
You bite the jelly, but do no damage.
The jelly is severely wounded.
The jelly hits you.
* * * LOW HITPOINT WARNING * * *
The acid corrodes you!
You are splashed with acid!
* * * LOW HITPOINT WARNING * * *
The jelly attacks as it pursues you! The jelly barely misses you.
The jelly attacks as it pursues you! The jelly hits you. The acid corrodes you!
You are splashed with acid!
* * * LOW HITPOINT WARNING * * *
The jelly attacks as it pursues you! The jelly misses you.
Okay, then.
Okay, then.
Throw: 3 throwing nets
Press: ? - help, Q - select action, (/) - cycle Shift-Dir - straight line, f - jelly
Aim: a jelly (severely wounded, 89% to hit, immune to nets)
You throw a throwing net. The throwing net hits the jelly.
The jelly effortlessly oozes through the net!
The jelly is severely wounded.
The jelly barely misses you.
Throw: 2 throwing nets
Press: ? - help, Q - select action, (/) - cycle Shift-Dir - straight line, f/p - jelly
Aim: a jelly (severely wounded, 89% to hit, immune to nets)
You throw a throwing net. The throwing net hits the jelly.
The jelly effortlessly oozes through the net!
The jelly is severely wounded.
The jelly barely misses you.
You hit the jelly. The acid corrodes you!
Your hands burn!
The jelly is almost dead.
The jelly hits you.
You are splashed with acid.
* * * LOW HITPOINT WARNING * * *
The jelly attacks as it pursues you! The jelly hits you.
* * * LOW HITPOINT WARNING * * *
The acid corrodes you!
You are splashed with acid!
You die...

.# #####.# #.....# #.#
#.....# #.# #.....# #.#
#.....# #.# #.....# ###.#
###.### ##.#.# #....##
####....########.#...###
+.......@J.(............+
####....########.#...####
##.#.# #.##.## ###.# #.#
## #.# #.# #+# #.# ...
#.###########.# #.#
#.#........##.# #.#
##.#.######.##.#
##....######.##.#
#..<..##........#


You could see a jelly.

Vanquished Creatures
  An ogre (D:4)
  2 phantoms
  A hound (D:4)
  A jelly (D:4)
  2 orc wizards (D:3)
  6 adders
  A gnoll (D:3)
  3 dart slugs
  3 ribbon worms
  12 orcs
  14 endoplasms
  5 giant cockroaches
  4 goblins
  9 hobgoblins
  7 kobolds
  3 quokkas
  8 ball pythons
  11 bats
  2 frilled lizards
  2 rats
97 creatures vanquished.

Notes
Turn   | Place    | Note
-------+----------+-------------------------------------------
     0 | D:1      | AlterAsc the Vine Stalker Gladiator began the quest for the
                  | Orb.
     0 | D:1      | Reached XP level 1. HP: 11/11 MP: 2/2
    49 | D:1      | Reached skill level 3 in Short Blades
    92 | D:1      | Reached XP level 2. HP: 15/15 MP: 3/3
   245 | D:1      | Reached XP level 3. HP: 18/18 MP: 2/4
   491 | D:1      | Reached skill level 4 in Short Blades
   722 | D:2      | Identified the +3 short sword of Dissent {freeze, ^Contam
                  | rPois rC++ MP-9}
  1142 | D:2      | Reached XP level 4. HP: 23/23 MP: 5/5
  1208 | D:2      | Found a runed translucent door.
  1209 | D:2      | Noticed Crazy Yiuf
  1675 | D:3      | Found a bloodstained altar of Trog.
  1773 | D:3      | Reached skill level 5 in Short Blades
  1773 | D:3      | Reached XP level 5. HP: 26/26 MP: 2/6
  2161 | D:3      | Noticed a phantom
  2191 | D:3      | Killed a phantom
  2192 | D:3      | Reached XP level 6. HP: 29/30 MP: 7/7
  2196 | D:3      | Reached skill level 6 in Short Blades
  2314 | D:3      | Found an opulent altar of Gozag.
  2481 | D:4      | Found an iron altar of Okawaru.
  2868 | D:4      | Reached skill level 7 in Short Blades
  2868 | D:4      | Reached XP level 7. HP: 31/34 MP: 8/8
  3336 | D:5      | Entered Level 5 of the Dungeon
  3420 | D:5      | Splashed by a jelly's acid

Illustrated notes

Levels and vault maps discovered:
D:1:      minmay_arrival_five_plusses, layout_loops_ring,
          nicolae_houndstooth_variations
D:2:      minmay_inner_zag, layout_basic, dk_noncrumbling_4,
          kennysheep_nondescript, uniq_crazy_yiuf_cottage
D:3:      layout_loops_ring, general_overflow_altar,
          mainiacjoe_overflow_chevrons, minmay_circle_x
D:4:      layout_gridville, amcnicky_altar_gilded
D:5:      layout_loops_corners, lemuel_round_altar

Skill      XL: |  1  2  3  4  5  6 |
---------------+-------------------+-----
Short Blades   | 3 4 5 7 |  7.4
Fighting       | |  1.7
Throwing       | |  1.7
Dodging        | |  2.4

Action                     |  1- 3 |  4- 6 |  7- 9 || total
---------------------------+-------+-------+-------++-------
  Melee: Rapier            |   107 |   189 |    24 ||   320
         Bite              |    25 |    57 |     7 ||    89
         Punch             |     2 |     5 |     1 ||     8
  Throw: Throwing net      |       |       |     2 ||     2
   Stab: Sleeping          |     1 |     2 |       ||     3
 Armour: Leather armour    |    52 |   122 |    20 ||   194
  Dodge: Dodged            |    71 |   122 |    15 ||   208
